[ PARTIDA AOE2 · #478644454 ]
UnrankedVietnamitas vs Jurchens
[ ANÁLISIS DE REPETICIÓN · EXTRAÍDO DE LA PARTIDA GRABADA ]
Feudal
12:08
Castillos
21:39
Imperial
32:35
| APM promedio | 38.1 |
| APM pico | 82 |
| eAPM promedio | 26.3 |
| Aldeanos / militares | 165 / 98 |
Foco
⚔️ 19.1% · 🌾 80.9%
Spearman ×28 · Rattan Archer ×21 · Battle Elephant ×20 · Fire Lancer ×12 · Trebuchet (Packed) ×8 · Trade Cart ×5
Feudal
12:21
Castillos
25:41
Imperial
40:34
| APM promedio | 18.7 |
| APM pico | 52 |
| eAPM promedio | 9.7 |
| Aldeanos / militares | 81 / 22 |
Foco
⚔️ 21.4% · 🌾 78.6%
Fishing Ship ×25 · Monk ×9 · Spearman ×7 · War Elephant ×6
Feudal
11:10
Castillos
15:39
Imperial
36:45
| APM promedio | 28.9 |
| APM pico | 51 |
| eAPM promedio | 17.7 |
| Aldeanos / militares | 121 / 164 |
Foco
⚔️ 25.2% · 🌾 74.8%
Knight ×135 · Obuch ×15 · Monk ×14
Feudal
13:27
Castillos
17:41
Imperial
33:54
| APM promedio | 32.3 |
| APM pico | 75 |
| eAPM promedio | 17.9 |
| Aldeanos / militares | 135 / 244 |
Foco
⚔️ 25.8% · 🌾 74.2%
Knight ×172 · Skirmisher ×25 · Scorpion ×18 · Bombard Cannon ×16 · Monk ×8 · Fishing Ship ×5
Feudal
12:52
Castillos
17:23
Imperial
31:42
| APM promedio | 30.2 |
| APM pico | 82 |
| eAPM promedio | 21.1 |
| Aldeanos / militares | 147 / 224 |
Foco
⚔️ 34.9% · 🌾 65.1%
Spearman ×93 · Scout Cavalry ×86 · Scorpion ×35 · Trade Cart ×9 · Trebuchet (Packed) ×4 · Mangonel ×3
Feudal
11:02
Castillos
14:50
Imperial
31:34
| APM promedio | 29.6 |
| APM pico | 72 |
| eAPM promedio | 19.2 |
| Aldeanos / militares | 169 / 219 |
Foco
⚔️ 21.3% · 🌾 78.7%
Elephant Archer ×212 · Trebuchet (Packed) ×5 · Mangonel ×1 · Monk ×1
Feudal
11:47
Castillos
15:53
Imperial
35:51
| APM promedio | 17.2 |
| APM pico | 38 |
| eAPM promedio | 12.4 |
| Aldeanos / militares | 95 / 239 |
Foco
⚔️ 28.8% · 🌾 71.2%
Steppe Lancer ×100 · Spearman ×80 · Fire Lancer ×40 · Fishing Ship ×16 · Iron Pagoda ×13 · Unknown (1908) ×5
Feudal
15:16
Castillos
23:49
Imperial
42:44
| APM promedio | 16.5 |
| APM pico | 35 |
| eAPM promedio | 12.0 |
| Aldeanos / militares | 130 / 64 |
Foco
⚔️ 20.5% · 🌾 79.5%
Knight ×45 · Trade Cart ×10 · Fishing Ship ×9 · Coustillier ×7 · Flemish Militia ×5 · Militia ×4
Mapa de la partida
Recursos iniciales + cada clic de construcción. Líneas = muros · curvas = relieve. ◆ oro · ⬟ piedra · ● bayas · ✦ reliquia · ◌ hueco del cierre
Tu base· ✓ Cerrada en 21:39 · 37t muro · sin puerta
Base de sachserluis· ✓ Cerrada en 25:41 · 96t muro · 1 puerta(s)
Base de Whenix· ✓ Cerrada en 15:39 · 0t muro · sin puerta
Base de mjs187684· ✓ Cerrada en 17:41 · 27t muro · sin puerta
Base de DUSEINTH· ✓ Cerrada en 17:23 · 44t muro · 1 puerta(s)
Base de El Colo· Abierta — el rival se encerró
Base de Force_of1· ✓ Cerrada en 15:53 · 0t muro · sin puerta
Base de Mirkosky· ✓ Cerrada en 23:49 · 18t muro · 1 puerta(s)
Terreno inicial suavizado · ◌ = hueco del cierre detectado · pasá el cursor para detalles
Inputs por minuto
— Avenge Varus - - sachserluis
Build order — Avenge Varus
Primeras 150 de 416 acciones detectadas
| 0:03 | Crear | Villager (Male) ×4 |
| 0:03 | Crear | Villager (Male) |
| 0:07 | Construir | House |
| 0:07 | Construir | House |
| 1:28 | Crear | Villager (Male) |
| 1:57 | Crear | Villager (Male) |
| 2:05 | Investigar | Loom |
| 2:21 | Construir | House |
| 2:22 | Construir | House |
| 2:33 | Crear | Villager (Male) |
| 3:43 | Crear | Villager (Male) |
| 3:43 | Crear | Villager (Male) |
| 3:43 | Crear | Villager (Male) |
| 3:44 | Crear | Villager (Male) |
| 3:58 | Crear | Villager (Male) |
| 4:22 | Construir | Palisade Wall |
| 5:06 | Crear | Villager (Male) |
| 5:48 | Crear | Villager (Male) |
| 5:56 | Crear | Villager (Male) |
| 6:20 | Crear | Villager (Male) |
| 6:28 | Crear | Villager (Male) |
| 6:56 | Crear | Villager (Male) |
| 7:12 | Construir | Mill |
| 7:44 | Crear | Villager (Male) |
| 8:13 | Crear | Villager (Male) |
| 8:33 | Construir | Lumber Camp |
| 8:50 | Construir | Lumber Camp |
| 8:55 | Crear | Villager (Male) |
| 9:10 | Crear | Villager (Male) |
| 9:47 | Investigar | Feudal Age |
| 10:30 | Crear | Villager (Male) |
| 11:10 | Crear | Villager (Male) |
| 12:02 | Construir | Palisade Wall |
| 12:08 | Edad | Edad Feudal |
| 12:14 | Investigar | Double-Bit Axe |
| 12:26 | Construir | Mining Camp |
| 12:33 | Crear | Villager (Male) |
| 12:43 | Construir | House |
| 12:44 | Construir | House |
| 12:47 | Investigar | Wheelbarrow |
| 13:09 | Crear | Villager (Male) |
| 13:27 | Construir | Stone Wall |
| 13:31 | Crear | Villager (Male) |
| 13:42 | Construir | Mining Camp |
| 14:10 | Crear | Villager (Male) |
| 14:32 | Crear | Villager (Male) |
| 14:44 | Construir | Farm |
| 14:46 | Construir | Farm |
| 14:46 | Construir | Farm |
| 14:47 | Construir | Farm |
| 14:48 | Construir | Farm |
| 14:49 | Construir | Farm |
| 14:50 | Construir | Farm |
| 14:51 | Construir | Farm |
| 14:52 | Construir | Farm |
| 14:53 | Construir | Farm |
| 15:32 | Crear | Villager (Male) |
| 15:39 | Construir | Farm |
| 15:48 | Construir | Stone Wall |
| 15:52 | Crear | Villager (Male) |
| 16:00 | Investigar | Horse Collar |
| 16:16 | Crear | Villager (Male) |
| 16:23 | Construir | Farm |
| 16:28 | Construir | Farm |
| 16:36 | Crear | Villager (Male) |
| 16:36 | Crear | Villager (Male) |
| 17:15 | Investigar | Gold Mining |
| 17:33 | Construir | Market |
| 17:40 | Crear | Villager (Male) |
| 17:41 | Crear | Villager (Male) |
| 18:07 | Construir | Stone Wall |
| 18:24 | Construir | Blacksmith |
| 18:29 | Crear | Villager (Male) |
| 18:35 | Construir | House |
| 18:36 | Construir | House |
| 18:37 | Construir | House |
| 18:59 | Investigar | Castle Age |
| 19:05 | Construir | House |
| 19:06 | Construir | House |
| 19:13 | Crear | Villager (Male) |
| 19:46 | Construir | Farm |
| 19:48 | Construir | Farm |
| 19:49 | Construir | Farm |
| 19:52 | Construir | Farm |
| 19:53 | Construir | Farm |
| 19:54 | Construir | Farm |
| 19:55 | Construir | Farm |
| 19:56 | Construir | Farm |
| 20:20 | Crear | Villager (Male) |
| 20:53 | Construir | Barracks |
| 21:08 | Construir | Stone Wall |
| 21:39 | Edad | Edad de los Castillos |
| 21:44 | Construir | Town Center |
| 21:50 | Construir | Outpost |
| 21:54 | Crear | Villager (Male) |
| 22:09 | Investigar | Town Watch |
| 22:27 | Crear | Villager (Male) |
| 22:52 | Investigar | Heavy Plow |
| 22:56 | Crear | Villager (Male) |
| 22:56 | Crear | Villager (Male) |
| 22:56 | Crear | Villager (Male) |
| 22:57 | Crear | Villager (Male) |
| 22:57 | Crear | Villager (Male) |
| 23:11 | Crear | Villager (Male) |
| 23:12 | Crear | Villager (Male) |
| 23:12 | Crear | Villager (Male) |
| 23:22 | Investigar | Stone Mining |
| 23:59 | Crear | Villager (Male) |
| 23:59 | Crear | Villager (Male) |
| 24:00 | Crear | Villager (Male) |
| 24:00 | Crear | Villager (Male) |
| 24:01 | Crear | Villager (Male) |
| 24:01 | Crear | Villager (Male) |
| 24:02 | Crear | Villager (Male) |
| 24:12 | Construir | Town Center |
| 24:15 | Investigar | Squires |
| 24:16 | Investigar | Pikeman (upgrade) |
| 24:26 | Construir | Monastery |
| 24:29 | Crear | Villager (Male) |
| 24:29 | Crear | Villager (Male) |
| 24:30 | Crear | Villager (Male) |
| 24:30 | Crear | Villager (Male) |
| 24:48 | Construir | Farm |
| 24:49 | Construir | Farm |
| 24:50 | Construir | Farm |
| 24:52 | Construir | Farm |
| 25:16 | Crear | Monk |
| 25:22 | Construir | Farm |
| 25:23 | Construir | Farm |
| 25:24 | Construir | Farm |
| 25:25 | Construir | Farm |
| 25:31 | Crear | Villager (Male) |
| 25:32 | Crear | Villager (Male) |
| 25:32 | Crear | Villager (Male) |
| 25:34 | Crear | Villager (Male) |
| 25:36 | Crear | Villager (Male) |
| 25:37 | Crear | Villager (Male) |
| 25:38 | Crear | Villager (Male) |
| 26:20 | Crear | Villager (Male) |
| 26:20 | Crear | Villager (Male) |
| 26:21 | Crear | Villager (Male) |
| 26:21 | Crear | Villager (Male) |
| 26:22 | Crear | Villager (Male) |
| 26:23 | Crear | Villager (Male) |
| 26:33 | Construir | House |
| 26:34 | Construir | House |
| 26:34 | Construir | House |
| 26:35 | Construir | House |
| 26:37 | Construir | House |
| 27:03 | Crear | Villager (Male) |
Build order — sachserluis
Primeras 150 de 265 acciones detectadas
| 0:04 | Investigar | Loom |
| 0:04 | Crear | Villager (Male) |
| 0:05 | Crear | Villager (Male) |
| 0:05 | Crear | Villager (Male) |
| 0:05 | Crear | Villager (Male) |
| 0:05 | Crear | Villager (Male) |
| 0:08 | Construir | House |
| 0:10 | Construir | House |
| 1:16 | Construir | Palisade Wall |
| 2:12 | Crear | Villager (Male) |
| 2:50 | Construir | Palisade Wall |
| 3:49 | Construir | Palisade Wall |
| 3:52 | Crear | Villager (Male) |
| 3:52 | Crear | Villager (Male) |
| 3:52 | Crear | Villager (Male) |
| 3:53 | Crear | Villager (Male) |
| 5:30 | Crear | Villager (Male) |
| 5:31 | Crear | Villager (Male) |
| 5:34 | Construir | House |
| 6:16 | Construir | Lumber Camp |
| 6:18 | Crear | Villager (Male) |
| 6:18 | Crear | Villager (Male) |
| 6:19 | Crear | Villager (Male) |
| 6:19 | Crear | Villager (Male) |
| 6:33 | Construir | Palisade Wall |
| 6:46 | Construir | Palisade Wall |
| 7:27 | Crear | Villager (Male) |
| 8:01 | Construir | Palisade Wall |
| 8:02 | Construir | Palisade Wall |
| 8:10 | Construir | Palisade Wall |
| 8:20 | Construir | House |
| 8:23 | Crear | Villager (Male) |
| 8:23 | Crear | Villager (Male) |
| 9:03 | Crear | Villager (Male) |
| 9:19 | Construir | House |
| 9:24 | Construir | Mill |
| 9:28 | Crear | Villager (Male) |
| 9:51 | Construir | House |
| 10:14 | Construir | House |
| 10:17 | Investigar | Feudal Age |
| 11:03 | Construir | House |
| 11:20 | Construir | Mining Camp |
| 12:21 | Edad | Edad Feudal |
| 12:26 | Construir | Stone Wall |
| 12:30 | Crear | Villager (Male) |
| 12:31 | Crear | Villager (Male) |
| 12:31 | Crear | Villager (Male) |
| 12:49 | Construir | Stone Wall |
| 12:52 | Construir | Stone Wall |
| 13:01 | Investigar | Double-Bit Axe |
| 13:03 | Investigar | Horse Collar |
| 13:05 | Crear | Villager (Male) |
| 13:05 | Crear | Villager (Male) |
| 13:50 | Construir | Gate |
| 14:11 | Construir | Dock |
| 14:24 | Construir | Outpost |
| 14:27 | Crear | Villager (Male) |
| 14:28 | Crear | Villager (Male) |
| 14:53 | Construir | Stone Wall |
| 14:55 | Crear | Villager (Male) |
| 14:55 | Crear | Villager (Male) |
| 15:01 | Construir | Lumber Camp |
| 15:14 | Investigar | Tech 906 |
| 15:15 | Crear | Fishing Ship |
| 15:15 | Crear | Fishing Ship |
| 15:27 | Construir | Blacksmith |
| 15:36 | Construir | Outpost |
| 15:56 | Construir | House |
| 15:57 | Construir | House |
| 15:58 | Construir | House |
| 16:00 | Crear | Villager (Male) |
| 16:01 | Crear | Villager (Male) |
| 16:08 | Construir | Mill |
| 16:31 | Construir | Dock |
| 16:38 | Construir | Barracks |
| 16:40 | Crear | Villager (Male) |
| 16:42 | Crear | Villager (Male) |
| 16:50 | Construir | Lumber Camp |
| 16:54 | Construir | Lumber Camp |
| 17:08 | Construir | Mining Camp |
| 17:14 | Crear | Fishing Ship |
| 17:48 | Construir | Stone Wall |
| 17:55 | Construir | Stone Wall |
| 18:25 | Construir | Stone Wall |
| 18:37 | Construir | Stone Wall |
| 18:50 | Construir | Stone Wall |
| 19:11 | Crear | Villager (Male) |
| 19:12 | Crear | Villager (Male) |
| 19:16 | Crear | Fishing Ship |
| 19:16 | Crear | Fishing Ship |
| 19:22 | Construir | Farm |
| 19:25 | Construir | Farm |
| 19:27 | Construir | Farm |
| 19:28 | Construir | Farm |
| 19:29 | Construir | Farm |
| 19:32 | Construir | Farm |
| 19:33 | Construir | Farm |
| 19:57 | Crear | Villager (Male) |
| 19:57 | Crear | Villager (Male) |
| 20:15 | Construir | Stone Wall |
| 20:28 | Crear | Villager (Male) |
| 20:36 | Crear | Fishing Ship |
| 20:37 | Crear | Fishing Ship |
| 20:37 | Crear | Fishing Ship |
| 20:56 | Construir | Stone Wall |
| 21:28 | Crear | Villager (Male) |
| 21:28 | Crear | Villager (Male) |
| 21:54 | Construir | Fish Trap |
| 21:57 | Construir | Fish Trap |
| 22:11 | Construir | Fish Trap |
| 22:13 | Construir | Fish Trap |
| 22:24 | Construir | Market |
| 23:04 | Crear | Spearman |
| 23:10 | Construir | House |
| 23:12 | Construir | House |
| 23:14 | Construir | House |
| 23:16 | Investigar | Castle Age |
| 23:33 | Construir | Fish Trap |
| 23:41 | Construir | Fish Trap |
| 23:50 | Construir | Fish Trap |
| 23:55 | Investigar | Fletching |
| 24:00 | Construir | Fish Trap |
| 24:17 | Construir | Mining Camp |
| 24:25 | Investigar | Scale Mail Armor |
| 24:31 | Construir | House |
| 24:33 | Construir | House |
| 25:03 | Construir | House |
| 25:04 | Construir | House |
| 25:09 | Construir | Archery Range |
| 25:13 | Investigar | Stone Mining |
| 25:34 | Crear | Spearman |
| 25:35 | Crear | Spearman |
| 25:35 | Crear | Spearman |
| 25:41 | Edad | Edad de los Castillos |
| 26:03 | Construir | Castle |
| 26:04 | Crear | Villager (Male) |
| 26:04 | Crear | Villager (Male) |
| 26:05 | Crear | Villager (Male) |
| 26:05 | Crear | Villager (Male) |
| 26:07 | Investigar | Bodkin Arrow |
| 26:43 | Construir | Monastery |
| 28:09 | Construir | Town Center |
| 28:31 | Construir | Lumber Camp |
| 29:02 | Crear | Fishing Ship |
| 29:02 | Crear | Fishing Ship |
| 29:02 | Crear | Fishing Ship |
| 29:06 | Crear | Fishing Ship |
| 29:07 | Crear | Fishing Ship |
| 29:13 | Investigar | Forging |
| 29:19 | Investigar | Wheelbarrow |
Build order — Whenix
Primeras 150 de 390 acciones detectadas
| 0:02 | Investigar | Loom |
| 0:02 | Crear | Villager (Male) |
| 0:04 | Construir | House |
| 0:08 | Construir | House |
| 0:35 | Crear | Villager (Male) |
| 0:35 | Crear | Villager (Male) |
| 0:35 | Crear | Villager (Male) |
| 0:35 | Crear | Villager (Male) |
| 0:36 | Crear | Villager (Male) |
| 1:53 | Crear | Villager (Male) |
| 1:56 | Construir | Lumber Camp |
| 2:15 | Crear | Villager (Male) |
| 3:08 | Crear | Villager (Male) |
| 3:08 | Crear | Villager (Male) |
| 3:43 | Crear | Villager (Male) |
| 4:06 | Crear | Villager (Male) |
| 4:12 | Construir | House |
| 4:18 | Investigar | Loom |
| 4:19 | Crear | Villager (Male) |
| 4:27 | Crear | Villager (Male) |
| 4:32 | Construir | Mill |
| 5:40 | Crear | Villager (Male) |
| 5:59 | Crear | Villager (Male) |
| 6:41 | Crear | Villager (Male) |
| 7:01 | Crear | Villager (Male) |
| 7:33 | Crear | Villager (Male) |
| 7:59 | Crear | Villager (Male) |
| 8:29 | Crear | Villager (Male) |
| 8:33 | Construir | Mining Camp |
| 8:55 | Crear | Villager (Male) |
| 9:00 | Investigar | Feudal Age |
| 9:00 | Investigar | Feudal Age |
| 10:33 | Crear | Villager (Male) |
| 10:33 | Crear | Villager (Male) |
| 11:10 | Edad | Edad Feudal |
| 11:16 | Crear | Villager (Male) |
| 11:21 | Construir | Market |
| 11:34 | Construir | Blacksmith |
| 11:45 | Crear | Villager (Male) |
| 11:58 | Construir | Farm |
| 12:01 | Construir | Farm |
| 12:07 | Construir | Farm |
| 12:14 | Construir | House |
| 12:46 | Construir | Farm |
| 12:53 | Investigar | Castle Age |
| 12:53 | Investigar | Castle Age |
| 13:11 | Construir | Mill |
| 14:18 | Construir | Farm |
| 14:22 | Construir | Farm |
| 14:24 | Construir | Farm |
| 14:27 | Construir | Farm |
| 14:30 | Investigar | Double-Bit Axe |
| 15:10 | Crear | Villager (Male) |
| 15:10 | Crear | Villager (Male) |
| 15:14 | Construir | House |
| 15:39 | Edad | Edad de los Castillos |
| 15:42 | Investigar | Horse Collar |
| 16:21 | Construir | House |
| 16:24 | Construir | House |
| 16:28 | Crear | Villager (Male) |
| 16:35 | Investigar | Bow Saw |
| 16:57 | Crear | Villager (Male) |
| 17:01 | Crear | Villager (Male) |
| 17:19 | Construir | Town Center |
| 17:42 | Crear | Villager (Male) |
| 18:14 | Crear | Villager (Male) |
| 18:14 | Crear | Villager (Male) |
| 18:14 | Crear | Villager (Male) |
| 18:22 | Crear | Villager (Male) |
| 18:22 | Crear | Villager (Male) |
| 18:56 | Construir | Town Center |
| 18:59 | Crear | Villager (Male) |
| 18:59 | Crear | Villager (Male) |
| 18:59 | Crear | Villager (Male) |
| 18:59 | Crear | Villager (Male) |
| 19:38 | Investigar | Stone Mining |
| 19:38 | Investigar | Stone Mining |
| 19:47 | Crear | Villager (Male) |
| 19:47 | Crear | Villager (Male) |
| 19:48 | Crear | Villager (Male) |
| 19:48 | Crear | Villager (Male) |
| 20:22 | Crear | Villager (Male) |
| 20:22 | Crear | Villager (Male) |
| 20:27 | Crear | Villager (Male) |
| 20:27 | Crear | Villager (Male) |
| 20:35 | Crear | Villager (Male) |
| 20:39 | Construir | Farm |
| 20:44 | Construir | Farm |
| 20:45 | Construir | Farm |
| 20:47 | Construir | Farm |
| 20:49 | Construir | Farm |
| 20:52 | Crear | Villager (Male) |
| 20:52 | Crear | Villager (Male) |
| 20:54 | Crear | Villager (Male) |
| 20:54 | Crear | Villager (Male) |
| 20:54 | Crear | Villager (Male) |
| 21:00 | Crear | Villager (Male) |
| 21:22 | Construir | Farm |
| 22:07 | Construir | Castle |
| 22:17 | Construir | Stone Wall |
| 22:19 | Construir | Stone Wall |
| 22:20 | Construir | Stone Wall |
| 22:28 | Construir | Stone Wall |
| 22:46 | Construir | Palisade Wall |
| 22:56 | Crear | Villager (Male) |
| 22:56 | Crear | Villager (Male) |
| 22:56 | Crear | Villager (Male) |
| 23:08 | Construir | Stone Wall |
| 23:11 | Construir | Gate |
| 23:19 | Crear | Villager (Male) |
| 23:19 | Crear | Villager (Male) |
| 23:19 | Crear | Villager (Male) |
| 23:19 | Crear | Villager (Male) |
| 23:21 | Crear | Villager (Male) |
| 23:22 | Crear | Villager (Male) |
| 23:22 | Crear | Villager (Male) |
| 23:22 | Crear | Villager (Male) |
| 23:26 | Construir | House |
| 23:33 | Construir | Farm |
| 23:51 | Construir | House |
| 24:01 | Construir | Farm |
| 24:13 | Construir | House |
| 24:13 | Construir | House |
| 24:13 | Construir | House |
| 24:13 | Construir | House |
| 24:14 | Construir | House |
| 24:14 | Construir | House |
| 24:15 | Construir | House |
| 24:15 | Construir | House |
| 24:15 | Construir | House |
| 24:16 | Construir | House |
| 24:16 | Construir | House |
| 24:16 | Construir | House |
| 24:40 | Crear | Villager (Male) ×5 |
| 24:42 | Crear | Villager (Male) ×5 |
| 24:55 | Construir | Monastery |
| 25:12 | Crear | Villager (Male) |
| 25:12 | Crear | Villager (Male) |
| 25:12 | Crear | Villager (Male) |
| 25:12 | Crear | Villager (Male) |
| 25:14 | Investigar | Gold Mining |
| 25:14 | Investigar | Gold Mining |
| 25:21 | Investigar | Heavy Plow |
| 25:25 | Construir | Farm |
| 25:29 | Construir | Farm |
| 25:34 | Crear | Monk |
| 25:48 | Investigar | Stone Shaft Mining |
| 26:02 | Construir | Monastery |
| 26:34 | Crear | Monk |
| 26:34 | Crear | Monk |
Build order — mjs187684
Primeras 150 de 352 acciones detectadas
| 0:02 | Crear | Villager (Male) |
| 0:02 | Crear | Villager (Male) |
| 0:02 | Crear | Villager (Male) |
| 0:02 | Crear | Villager (Male) |
| 0:02 | Crear | Villager (Male) |
| 0:03 | Crear | Villager (Male) |
| 0:03 | Crear | Villager (Male) |
| 0:03 | Crear | Villager (Male) |
| 0:03 | Crear | Villager (Male) |
| 0:05 | Construir | House |
| 0:06 | Construir | House |
| 0:53 | Construir | Palisade Wall |
| 0:55 | Construir | Palisade Wall |
| 1:11 | Investigar | Loom |
| 1:11 | Crear | Villager (Male) |
| 1:12 | Crear | Villager (Male) |
| 1:12 | Crear | Villager (Male) |
| 1:12 | Crear | Villager (Male) |
| 1:12 | Crear | Villager (Male) |
| 1:28 | Construir | Palisade Wall |
| 1:34 | Construir | Palisade Wall |
| 1:40 | Crear | Villager (Male) |
| 1:41 | Crear | Villager (Male) |
| 1:41 | Crear | Villager (Male) |
| 1:55 | Construir | Palisade Wall |
| 1:57 | Construir | Palisade Wall |
| 2:26 | Crear | Villager (Male) |
| 2:26 | Crear | Villager (Male) |
| 2:38 | Construir | Lumber Camp |
| 3:01 | Crear | Villager (Male) |
| 3:01 | Crear | Villager (Male) |
| 3:02 | Crear | Villager (Male) |
| 3:37 | Crear | Villager (Male) |
| 3:37 | Crear | Villager (Male) |
| 3:38 | Crear | Villager (Male) |
| 3:39 | Crear | Villager (Male) |
| 3:39 | Crear | Villager (Male) |
| 4:16 | Construir | House |
| 4:32 | Crear | Villager (Male) |
| 4:32 | Crear | Villager (Male) |
| 4:37 | Construir | House |
| 5:08 | Crear | Villager (Male) |
| 5:09 | Crear | Villager (Male) |
| 5:09 | Crear | Villager (Male) |
| 5:09 | Crear | Villager (Male) |
| 6:04 | Crear | Villager (Male) |
| 6:04 | Crear | Villager (Male) |
| 6:04 | Crear | Villager (Male) |
| 6:04 | Crear | Villager (Male) |
| 6:04 | Crear | Villager (Male) |
| 6:24 | Construir | Dock |
| 6:41 | Crear | Villager (Male) |
| 6:41 | Crear | Villager (Male) |
| 6:41 | Crear | Villager (Male) |
| 6:43 | Construir | House |
| 7:18 | Crear | Fishing Ship |
| 7:21 | Construir | House |
| 8:23 | Crear | Villager (Male) |
| 8:23 | Crear | Villager (Male) |
| 8:23 | Crear | Villager (Male) |
| 8:23 | Crear | Villager (Male) |
| 8:24 | Crear | Villager (Male) |
| 8:24 | Crear | Villager (Male) |
| 8:35 | Construir | Lumber Camp |
| 8:38 | Crear | Villager (Male) |
| 8:39 | Crear | Villager (Male) |
| 8:41 | Crear | Fishing Ship |
| 8:41 | Crear | Fishing Ship |
| 9:00 | Construir | Mill |
| 9:03 | Crear | Villager (Male) |
| 9:03 | Crear | Villager (Male) |
| 9:11 | Construir | Lumber Camp |
| 9:46 | Crear | Villager (Male) |
| 9:46 | Crear | Villager (Male) |
| 9:50 | Construir | House |
| 9:56 | Crear | Fishing Ship |
| 10:35 | Crear | Villager (Male) |
| 10:47 | Investigar | Feudal Age |
| 10:54 | Crear | Fishing Ship |
| 11:00 | Construir | Mining Camp |
| 12:47 | Construir | House |
| 12:49 | Construir | House |
| 12:52 | Construir | Palisade Wall |
| 13:00 | Construir | House |
| 13:27 | Edad | Edad Feudal |
| 13:33 | Construir | Market |
| 13:39 | Construir | Blacksmith |
| 13:47 | Crear | Villager (Male) |
| 13:47 | Crear | Villager (Male) |
| 14:52 | Investigar | Double-Bit Axe |
| 15:01 | Investigar | Castle Age |
| 15:04 | Investigar | Horse Collar |
| 15:24 | Construir | Farm |
| 15:27 | Construir | Farm |
| 15:29 | Construir | Farm |
| 15:34 | Construir | Farm |
| 15:36 | Construir | Farm |
| 15:39 | Construir | Farm |
| 15:56 | Construir | House |
| 16:00 | Construir | Palisade Wall |
| 16:05 | Construir | Palisade Wall |
| 16:16 | Construir | Farm |
| 16:21 | Construir | Farm |
| 16:54 | Construir | Farm |
| 17:41 | Edad | Edad de los Castillos |
| 17:45 | Construir | Town Center |
| 17:57 | Construir | Town Center |
| 18:08 | Crear | Villager (Male) |
| 18:10 | Construir | Fish Trap |
| 18:12 | Construir | Fish Trap |
| 18:14 | Construir | Fish Trap |
| 18:17 | Construir | Fish Trap |
| 18:41 | Construir | Farm |
| 18:42 | Crear | Villager (Male) |
| 18:52 | Construir | Farm |
| 18:55 | Construir | Farm |
| 18:59 | Investigar | Bow Saw |
| 19:00 | Investigar | Bow Saw |
| 19:08 | Crear | Villager (Male) |
| 19:33 | Crear | Villager (Male) ×5 |
| 19:47 | Crear | Villager (Male) |
| 19:47 | Crear | Villager (Male) |
| 19:48 | Crear | Villager (Male) ×5 |
| 19:57 | Construir | Farm |
| 20:00 | Construir | Farm |
| 20:02 | Crear | Villager (Male) ×5 |
| 20:06 | Construir | Farm |
| 20:13 | Construir | Monastery |
| 20:27 | Crear | Villager (Male) ×5 |
| 20:31 | Construir | Farm |
| 20:32 | Construir | Farm |
| 20:34 | Construir | Farm |
| 20:37 | Construir | Farm |
| 20:38 | Construir | Farm |
| 20:40 | Crear | Villager (Male) ×5 |
| 20:44 | Construir | Farm |
| 20:50 | Construir | House |
| 20:52 | Crear | Villager (Male) ×2 |
| 21:05 | Construir | Farm |
| 21:07 | Construir | Farm |
| 21:08 | Crear | Monk |
| 21:12 | Construir | Farm |
| 21:13 | Crear | Villager (Male) ×3 |
| 21:23 | Construir | Lumber Camp |
| 21:45 | Crear | Villager (Male) ×5 |
| 21:49 | Construir | Farm |
| 21:51 | Construir | Farm |
| 21:53 | Construir | Farm |
| 22:01 | Crear | Villager (Male) ×2 |
| 22:30 | Crear | Villager (Male) ×5 |
Build order — DUSEINTH
Primeras 150 de 603 acciones detectadas
| 0:07 | Investigar | Loom |
| 0:08 | Crear | Villager (Male) |
| 0:08 | Crear | Villager (Male) |
| 0:08 | Crear | Villager (Male) |
| 0:08 | Crear | Villager (Male) |
| 0:09 | Construir | House |
| 0:11 | Construir | House |
| 1:02 | Construir | Palisade Wall |
| 2:17 | Crear | Villager (Male) |
| 2:17 | Crear | Villager (Male) |
| 2:25 | Construir | Palisade Wall |
| 2:44 | Construir | Palisade Wall |
| 2:52 | Construir | Palisade Wall |
| 2:59 | Crear | Villager (Male) |
| 2:59 | Crear | Villager (Male) |
| 3:28 | Construir | Palisade Wall |
| 3:31 | Crear | Villager (Male) |
| 3:32 | Crear | Villager (Male) |
| 3:57 | Crear | Villager (Male) |
| 4:11 | Crear | Villager (Male) |
| 4:11 | Crear | Villager (Male) |
| 4:37 | Construir | House |
| 4:40 | Crear | Villager (Male) |
| 4:40 | Crear | Villager (Male) |
| 5:13 | Crear | Villager (Male) |
| 5:55 | Crear | Villager (Male) |
| 5:55 | Crear | Villager (Male) |
| 6:11 | Construir | Lumber Camp |
| 6:21 | Crear | Villager (Male) |
| 6:21 | Crear | Villager (Male) |
| 6:21 | Crear | Villager (Male) |
| 6:33 | Construir | Mill |
| 6:43 | Crear | Villager (Male) |
| 6:44 | Crear | Villager (Male) |
| 7:02 | Construir | House |
| 7:21 | Crear | Villager (Male) |
| 7:22 | Crear | Villager (Male) |
| 7:25 | Crear | Villager (Male) |
| 7:33 | Construir | House |
| 7:35 | Construir | House |
| 8:09 | Crear | Villager (Male) |
| 8:11 | Crear | Villager (Male) |
| 8:12 | Crear | Villager (Male) |
| 8:12 | Crear | Villager (Male) |
| 9:00 | Crear | Villager (Male) |
| 10:26 | Construir | Mining Camp |
| 10:42 | Investigar | Feudal Age |
| 11:56 | Crear | Villager (Male) |
| 11:56 | Crear | Villager (Male) |
| 12:52 | Edad | Edad Feudal |
| 13:42 | Construir | Stone Wall |
| 14:18 | Crear | Villager (Male) |
| 14:35 | Investigar | Castle Age |
| 14:39 | Investigar | Double-Bit Axe |
| 14:48 | Investigar | Horse Collar |
| 14:52 | Construir | Farm |
| 14:54 | Construir | Farm |
| 14:56 | Construir | Farm |
| 14:58 | Construir | Farm |
| 15:02 | Construir | Farm |
| 15:04 | Construir | Farm |
| 15:12 | Construir | House |
| 15:14 | Construir | House |
| 15:21 | Construir | Gate |
| 15:28 | Construir | Market |
| 15:54 | Investigar | Wheelbarrow |
| 17:23 | Edad | Edad de los Castillos |
| 17:29 | Construir | Town Center |
| 17:40 | Construir | Town Center |
| 17:54 | Crear | Villager (Male) |
| 17:55 | Crear | Villager (Male) |
| 18:02 | Investigar | Bow Saw |
| 18:18 | Construir | Outpost |
| 18:34 | Crear | Villager (Male) |
| 18:35 | Crear | Villager (Male) |
| 18:35 | Crear | Villager (Male) |
| 18:46 | Crear | Villager (Male) |
| 18:54 | Construir | Farm |
| 18:57 | Construir | Farm |
| 19:01 | Construir | Farm |
| 19:17 | Construir | Farm |
| 19:20 | Crear | Villager (Male) |
| 19:23 | Crear | Villager (Male) |
| 19:36 | Crear | Villager (Male) |
| 19:37 | Crear | Villager (Male) |
| 19:42 | Construir | Farm |
| 19:55 | Crear | Villager (Male) |
| 20:02 | Construir | Farm |
| 20:19 | Crear | Villager (Male) |
| 20:20 | Crear | Villager (Male) |
| 20:22 | Construir | Farm |
| 20:27 | Crear | Villager (Male) |
| 20:40 | Crear | Villager (Male) |
| 20:52 | Construir | Farm |
| 20:56 | Crear | Villager (Male) |
| 21:04 | Construir | Siege Workshop |
| 21:13 | Crear | Villager (Male) |
| 21:13 | Crear | Villager (Male) |
| 21:15 | Crear | Villager (Male) |
| 21:18 | Construir | Farm |
| 21:22 | Construir | House |
| 21:23 | Construir | House |
| 21:32 | Crear | Villager (Male) |
| 21:33 | Crear | Villager (Male) |
| 21:40 | Crear | Villager (Male) |
| 21:54 | Crear | Villager (Male) |
| 21:55 | Crear | Villager (Male) |
| 21:59 | Crear | Villager (Male) |
| 22:00 | Construir | Farm |
| 22:16 | Construir | Town Center |
| 22:22 | Construir | Farm |
| 22:25 | Crear | Villager (Male) |
| 22:27 | Crear | Villager (Male) |
| 22:36 | Construir | Stable |
| 22:44 | Crear | Villager (Male) |
| 22:45 | Crear | Villager (Male) |
| 22:48 | Construir | Farm |
| 22:56 | Construir | House |
| 22:57 | Construir | House |
| 23:01 | Crear | Villager (Male) |
| 23:02 | Crear | Villager (Male) |
| 23:05 | Construir | Farm |
| 23:08 | Crear | Villager (Male) |
| 23:48 | Crear | Villager (Male) |
| 23:50 | Construir | Farm |
| 23:52 | Crear | Villager (Male) |
| 23:53 | Crear | Villager (Male) |
| 23:54 | Crear | Villager (Male) |
| 23:55 | Crear | Villager (Male) |
| 23:56 | Crear | Villager (Male) |
| 23:56 | Crear | Villager (Male) |
| 23:59 | Crear | Mangonel |
| 24:00 | Crear | Mangonel |
| 24:15 | Construir | Blacksmith |
| 24:22 | Construir | Blacksmith |
| 24:28 | Crear | Villager (Male) |
| 24:29 | Crear | Villager (Male) |
| 24:29 | Crear | Villager (Male) |
| 24:32 | Construir | Farm |
| 24:34 | Construir | Farm |
| 24:36 | Crear | Villager (Male) |
| 24:41 | Construir | House |
| 24:43 | Construir | House |
| 24:43 | Construir | House |
| 24:47 | Investigar | Scale Barding Armor |
| 24:51 | Crear | Villager (Male) |
| 24:52 | Crear | Villager (Male) |
| 24:59 | Crear | Villager (Male) |
| 25:02 | Crear | Villager (Male) |
| 25:02 | Crear | Villager (Male) |
Build order — El Colo
Primeras 150 de 445 acciones detectadas
| 0:03 | Crear | Villager (Male) |
| 0:03 | Crear | Villager (Male) |
| 0:03 | Crear | Villager (Male) |
| 0:05 | Construir | House |
| 0:06 | Construir | House |
| 0:30 | Crear | Villager (Male) |
| 0:31 | Crear | Villager (Male) |
| 0:31 | Crear | Villager (Male) |
| 1:29 | Crear | Villager (Male) |
| 1:30 | Crear | Villager (Male) |
| 1:30 | Crear | Villager (Male) |
| 2:01 | Crear | Villager (Male) |
| 2:01 | Crear | Villager (Male) |
| 2:01 | Crear | Villager (Male) |
| 2:04 | Construir | Lumber Camp |
| 2:35 | Crear | Villager (Male) |
| 2:36 | Crear | Villager (Male) |
| 2:36 | Crear | Villager (Male) |
| 3:03 | Crear | Villager (Male) |
| 3:03 | Crear | Villager (Male) |
| 3:03 | Crear | Villager (Male) |
| 3:34 | Construir | House |
| 3:42 | Crear | Villager (Male) |
| 3:42 | Crear | Villager (Male) |
| 3:42 | Crear | Villager (Male) |
| 4:19 | Crear | Villager (Male) |
| 4:19 | Crear | Villager (Male) |
| 4:34 | Construir | House |
| 4:45 | Crear | Villager (Male) |
| 4:45 | Crear | Villager (Male) |
| 4:45 | Crear | Villager (Male) |
| 4:46 | Crear | Villager (Male) |
| 5:17 | Construir | Mill |
| 5:57 | Crear | Villager (Male) |
| 5:57 | Crear | Villager (Male) |
| 5:58 | Crear | Villager (Male) |
| 5:58 | Crear | Villager (Male) |
| 6:32 | Crear | Villager (Male) |
| 6:32 | Crear | Villager (Male) |
| 6:33 | Crear | Villager (Male) |
| 7:12 | Crear | Villager (Male) |
| 7:12 | Crear | Villager (Male) |
| 7:12 | Crear | Villager (Male) |
| 7:18 | Construir | Mining Camp |
| 7:48 | Crear | Villager (Male) |
| 7:48 | Crear | Villager (Male) |
| 8:52 | Investigar | Feudal Age |
| 9:52 | Investigar | Loom |
| 9:54 | Crear | Villager (Male) |
| 9:57 | Construir | House |
| 10:36 | Construir | House |
| 11:02 | Edad | Edad Feudal |
| 11:09 | Construir | Blacksmith |
| 11:13 | Construir | Market |
| 11:20 | Construir | Farm |
| 11:21 | Construir | Farm |
| 11:22 | Construir | Farm |
| 11:32 | Construir | Farm |
| 11:57 | Construir | House |
| 12:10 | Investigar | Castle Age |
| 12:10 | Investigar | Castle Age |
| 12:11 | Investigar | Castle Age |
| 12:24 | Construir | Palisade Gate |
| 12:32 | Construir | Palisade Wall |
| 12:45 | Investigar | Double-Bit Axe |
| 13:41 | Construir | Barracks |
| 13:52 | Construir | House |
| 14:00 | Investigar | Horse Collar |
| 14:34 | Construir | House |
| 14:50 | Edad | Edad de los Castillos |
| 15:02 | Construir | Town Center |
| 15:08 | Crear | Villager (Male) |
| 15:13 | Construir | Town Center |
| 15:20 | Construir | Siege Workshop |
| 15:26 | Crear | Villager (Male) |
| 15:26 | Crear | Villager (Male) |
| 15:26 | Crear | Villager (Male) |
| 16:10 | Crear | Mangonel |
| 16:29 | Construir | Barracks |
| 16:34 | Crear | Villager (Male) |
| 16:34 | Crear | Villager (Male) |
| 16:34 | Crear | Villager (Male) |
| 16:37 | Crear | Villager (Male) |
| 16:37 | Crear | Villager (Male) |
| 16:37 | Crear | Villager (Male) |
| 16:44 | Construir | Farm |
| 16:48 | Construir | Farm |
| 16:57 | Construir | Farm |
| 17:06 | Crear | Villager (Male) |
| 17:06 | Crear | Villager (Male) |
| 17:31 | Construir | Farm |
| 17:34 | Crear | Villager (Male) |
| 17:34 | Crear | Villager (Male) |
| 17:43 | Construir | Farm |
| 17:44 | Construir | Farm |
| 17:50 | Crear | Villager (Male) |
| 17:51 | Crear | Villager (Male) |
| 18:02 | Construir | Archery Range |
| 18:20 | Crear | Villager (Male) |
| 18:20 | Crear | Villager (Male) |
| 18:21 | Crear | Villager (Male) |
| 18:36 | Crear | Villager (Male) |
| 18:36 | Crear | Villager (Male) |
| 18:36 | Crear | Villager (Male) |
| 18:42 | Construir | Farm |
| 18:45 | Construir | Farm |
| 18:51 | Construir | Farm |
| 18:54 | Crear | Villager (Male) |
| 18:54 | Crear | Villager (Male) |
| 18:54 | Crear | Villager (Male) |
| 18:57 | Construir | Farm |
| 18:58 | Construir | Farm |
| 19:08 | Construir | Farm |
| 19:10 | Construir | Farm |
| 19:11 | Construir | Farm |
| 19:12 | Crear | Villager (Male) |
| 19:12 | Crear | Villager (Male) |
| 19:21 | Construir | House |
| 19:36 | Crear | Elephant Archer |
| 19:41 | Construir | Farm |
| 19:44 | Crear | Villager (Male) |
| 19:44 | Crear | Villager (Male) |
| 19:44 | Crear | Villager (Male) |
| 19:44 | Crear | Villager (Male) |
| 19:45 | Crear | Villager (Male) |
| 20:20 | Construir | House |
| 20:21 | Crear | Elephant Archer |
| 20:30 | Crear | Villager (Male) |
| 20:30 | Crear | Villager (Male) |
| 20:30 | Crear | Villager (Male) |
| 20:30 | Crear | Villager (Male) |
| 20:34 | Construir | Farm |
| 20:40 | Construir | Farm |
| 20:43 | Construir | Farm |
| 20:44 | Crear | Villager (Male) |
| 20:45 | Crear | Villager (Male) |
| 20:45 | Crear | Villager (Male) |
| 20:45 | Crear | Villager (Male) |
| 21:06 | Crear | Villager (Male) |
| 21:07 | Crear | Villager (Male) |
| 21:07 | Crear | Villager (Male) |
| 21:15 | Construir | Farm |
| 21:16 | Construir | Farm |
| 21:21 | Crear | Villager (Male) |
| 21:21 | Crear | Villager (Male) |
| 21:21 | Crear | Villager (Male) |
| 21:21 | Crear | Villager (Male) |
| 21:26 | Construir | Farm |
| 21:28 | Construir | Farm |
| 21:34 | Construir | Farm |
Build order — Force_of1
Primeras 150 de 332 acciones detectadas
| 0:02 | Crear | Villager (Male) |
| 0:02 | Crear | Villager (Male) |
| 0:04 | Construir | House |
| 0:05 | Construir | House |
| 0:33 | Crear | Villager (Male) |
| 0:34 | Crear | Villager (Male) |
| 1:17 | Crear | Villager (Male) |
| 1:38 | Crear | Villager (Male) |
| 2:16 | Crear | Villager (Male) |
| 2:17 | Crear | Villager (Male) |
| 2:40 | Construir | Lumber Camp |
| 2:53 | Crear | Villager (Male) |
| 2:54 | Crear | Villager (Male) |
| 2:57 | Crear | Villager (Male) |
| 3:22 | Investigar | Loom |
| 3:43 | Crear | Villager (Male) |
| 3:55 | Construir | House |
| 3:57 | Construir | House |
| 4:25 | Crear | Villager (Male) |
| 4:25 | Crear | Villager (Male) |
| 5:13 | Crear | Villager (Male) |
| 5:13 | Crear | Villager (Male) |
| 5:14 | Crear | Villager (Male) |
| 5:34 | Construir | Mill |
| 5:43 | Crear | Villager (Male) |
| 6:22 | Crear | Villager (Male) |
| 6:24 | Crear | Villager (Male) |
| 6:54 | Construir | Dock |
| 7:13 | Crear | Villager (Male) |
| 7:13 | Crear | Villager (Male) |
| 7:39 | Construir | House |
| 7:41 | Construir | House |
| 7:55 | Crear | Fishing Ship |
| 8:36 | Crear | Fishing Ship |
| 8:40 | Crear | Villager (Male) |
| 8:59 | Crear | Villager (Male) |
| 9:05 | Investigar | Feudal Age |
| 9:13 | Construir | Mining Camp |
| 9:35 | Crear | Fishing Ship |
| 10:38 | Construir | Dock |
| 10:42 | Crear | Fishing Ship |
| 11:14 | Crear | Villager (Male) |
| 11:15 | Crear | Villager (Male) |
| 11:47 | Edad | Edad Feudal |
| 11:50 | Crear | Villager (Male) |
| 11:59 | Construir | Market |
| 12:18 | Construir | Blacksmith |
| 12:44 | Construir | House |
| 12:45 | Construir | House |
| 12:46 | Construir | House |
| 13:13 | Investigar | Castle Age |
| 13:48 | Investigar | Double-Bit Axe |
| 13:58 | Construir | Lumber Camp |
| 14:16 | Construir | Fish Trap |
| 14:28 | Construir | Fish Trap |
| 14:35 | Construir | Fish Trap |
| 15:37 | Investigar | Wheelbarrow |
| 15:53 | Edad | Edad de los Castillos |
| 15:56 | Construir | Town Center |
| 16:01 | Crear | Villager (Male) |
| 16:01 | Crear | Villager (Male) |
| 16:26 | Construir | Town Center |
| 17:12 | Crear | Villager (Male) |
| 17:13 | Crear | Villager (Male) |
| 17:19 | Crear | Fishing Ship |
| 17:22 | Crear | Fishing Ship |
| 17:30 | Crear | Fishing Ship |
| 17:50 | Investigar | Bow Saw |
| 17:51 | Crear | Villager (Male) |
| 17:52 | Crear | Villager (Male) |
| 17:53 | Crear | Villager (Male) |
| 18:09 | Crear | Villager (Male) |
| 18:15 | Investigar | Horse Collar |
| 18:22 | Crear | Villager (Male) |
| 18:22 | Crear | Villager (Male) |
| 18:33 | Construir | Fish Trap |
| 18:44 | Construir | Fish Trap |
| 18:58 | Construir | Fish Trap |
| 19:09 | Crear | Fishing Ship |
| 19:11 | Investigar | Tech 906 |
| 19:12 | Crear | Villager (Male) |
| 19:12 | Crear | Villager (Male) |
| 19:14 | Crear | Villager (Male) |
| 19:14 | Crear | Villager (Male) |
| 19:30 | Crear | Villager (Male) |
| 19:53 | Construir | Fish Trap |
| 19:56 | Crear | Fishing Ship |
| 19:59 | Crear | Fishing Ship |
| 19:59 | Crear | Fishing Ship |
| 20:13 | Construir | Fish Trap |
| 20:20 | Crear | Villager (Male) |
| 20:20 | Crear | Villager (Male) |
| 20:21 | Crear | Villager (Male) |
| 20:33 | Construir | Farm |
| 20:34 | Construir | Farm |
| 20:39 | Construir | Farm |
| 20:40 | Construir | Farm |
| 20:43 | Construir | Farm |
| 20:44 | Construir | Farm |
| 20:51 | Construir | Fish Trap |
| 20:56 | Construir | Fish Trap |
| 21:04 | Crear | Fishing Ship |
| 21:07 | Crear | Fishing Ship |
| 21:09 | Crear | Villager (Male) |
| 21:11 | Crear | Villager (Male) |
| 21:11 | Crear | Villager (Male) |
| 21:21 | Construir | Lumber Camp |
| 21:28 | Construir | House |
| 21:29 | Construir | House |
| 22:00 | Crear | Villager (Male) |
| 22:10 | Investigar | Forging |
| 22:10 | Investigar | Scale Barding Armor |
| 22:15 | Construir | Barracks |
| 22:37 | Crear | Villager (Male) |
| 22:38 | Crear | Villager (Male) |
| 22:38 | Crear | Villager (Male) |
| 22:38 | Crear | Villager (Male) |
| 22:39 | Crear | Villager (Male) |
| 22:56 | Construir | Stable |
| 22:57 | Construir | Stable |
| 23:02 | Crear | Villager (Male) |
| 23:04 | Crear | Villager (Male) |
| 23:12 | Construir | Fish Trap |
| 23:24 | Construir | Fish Trap |
| 23:30 | Construir | Fish Trap |
| 23:38 | Construir | Fish Trap |
| 23:55 | Investigar | Bloodlines |
| 23:58 | Construir | Stable |
| 24:01 | Crear | Villager (Male) |
| 24:01 | Crear | Villager (Male) |
| 24:01 | Crear | Villager (Male) |
| 24:02 | Crear | Villager (Male) |
| 24:02 | Crear | Villager (Male) |
| 24:02 | Crear | Villager (Male) |
| 24:07 | Construir | House |
| 24:08 | Construir | House |
| 24:09 | Construir | House |
| 24:10 | Construir | House |
| 24:11 | Construir | House |
| 24:41 | Construir | Stable |
| 24:46 | Crear | Steppe Lancer ×5 |
| 24:46 | Crear | Steppe Lancer ×5 |
| 25:02 | Crear | Villager (Male) |
| 25:09 | Construir | Town Center |
| 25:15 | Investigar | Husbandry |
| 25:21 | Construir | Stable |
| 25:29 | Crear | Steppe Lancer ×2 |
| 25:53 | Crear | Villager (Male) |
| 25:53 | Crear | Villager (Male) |
| 25:53 | Crear | Villager (Male) |
Build order — Mirkosky
Primeras 150 de 378 acciones detectadas
| 0:07 | Construir | House |
| 0:16 | Investigar | Wheelbarrow |
| 0:17 | Crear | Villager (Male) |
| 0:17 | Crear | Villager (Male) |
| 0:18 | Crear | Villager (Male) |
| 0:21 | Investigar | Loom |
| 0:28 | Construir | House |
| 0:30 | Construir | House |
| 0:31 | Construir | House |
| 1:34 | Crear | Villager (Male) |
| 3:06 | Crear | Villager (Male) |
| 3:30 | Crear | Villager (Male) |
| 4:07 | Crear | Villager (Male) |
| 4:43 | Crear | Villager (Male) |
| 5:21 | Crear | Villager (Male) |
| 5:21 | Crear | Villager (Male) |
| 5:22 | Crear | Villager (Male) |
| 5:44 | Construir | Lumber Camp |
| 5:55 | Crear | Villager (Male) |
| 5:56 | Crear | Villager (Male) |
| 5:58 | Investigar | Loom |
| 6:24 | Crear | Villager (Male) |
| 6:33 | Crear | Villager (Male) |
| 7:09 | Crear | Villager (Male) |
| 7:32 | Construir | House |
| 7:48 | Crear | Villager (Male) |
| 7:49 | Crear | Villager (Male) |
| 7:58 | Crear | Villager (Male) |
| 8:36 | Construir | Mill |
| 9:10 | Crear | Villager (Male) |
| 9:10 | Crear | Villager (Male) |
| 9:10 | Crear | Villager (Male) |
| 9:11 | Crear | Villager (Male) |
| 10:03 | Construir | Dock |
| 11:08 | Construir | House |
| 11:09 | Construir | House |
| 11:12 | Construir | House |
| 11:14 | Construir | House |
| 11:18 | Construir | House |
| 11:21 | Crear | Fishing Ship |
| 11:26 | Crear | Villager (Male) |
| 11:26 | Crear | Villager (Male) |
| 11:26 | Crear | Villager (Male) |
| 11:56 | Construir | Farm |
| 12:19 | Construir | Farm |
| 12:21 | Crear | Fishing Ship |
| 12:26 | Crear | Villager (Male) |
| 12:44 | Construir | Farm |
| 12:56 | Construir | Mill |
| 13:00 | Investigar | Feudal Age |
| 13:23 | Construir | Mining Camp |
| 14:07 | Crear | Villager (Male) |
| 14:07 | Crear | Villager (Male) |
| 14:08 | Crear | Villager (Male) |
| 14:08 | Crear | Villager (Male) |
| 14:30 | Construir | Barracks |
| 15:00 | Investigar | Horse Collar |
| 15:16 | Edad | Edad Feudal |
| 15:25 | Construir | Stone Wall |
| 15:30 | Construir | Stone Wall |
| 15:40 | Construir | Gate |
| 16:22 | Construir | Market |
| 16:27 | Construir | Blacksmith |
| 16:30 | Construir | House |
| 16:31 | Construir | House |
| 16:45 | Crear | Villager (Male) |
| 16:45 | Crear | Villager (Male) |
| 16:45 | Crear | Villager (Male) |
| 16:45 | Crear | Villager (Male) |
| 17:34 | Construir | Farm |
| 17:36 | Construir | Farm |
| 17:38 | Construir | Farm |
| 17:41 | Construir | Farm |
| 17:46 | Construir | Farm |
| 18:11 | Construir | Mining Camp |
| 18:21 | Crear | Flemish Militia |
| 18:21 | Crear | Flemish Militia |
| 18:25 | Crear | Flemish Militia |
| 18:27 | Crear | Flemish Militia |
| 18:29 | Crear | Flemish Militia |
| 18:59 | Crear | Villager (Male) |
| 18:59 | Crear | Villager (Male) |
| 19:02 | Crear | Villager (Male) |
| 19:12 | Investigar | Hand Cart |
| 19:25 | Construir | House |
| 19:27 | Construir | House |
| 20:21 | Investigar | Castle Age |
| 20:27 | Construir | House |
| 20:28 | Construir | House |
| 20:31 | Construir | House |
| 20:33 | Construir | House |
| 20:36 | Investigar | Double-Bit Axe |
| 20:42 | Investigar | Horse Collar |
| 21:22 | Investigar | Man-at-Arms (upgrade) |
| 21:26 | Investigar | Arson |
| 21:31 | Crear | Militia |
| 22:19 | Investigar | Forging |
| 23:06 | Construir | Farm |
| 23:13 | Investigar | Scale Barding Armor |
| 23:30 | Crear | Militia |
| 23:30 | Crear | Militia |
| 23:35 | Crear | Militia |
| 23:49 | Edad | Edad de los Castillos |
| 24:15 | Construir | Castle |
| 24:48 | Construir | Town Center |
| 24:50 | Crear | Villager (Male) |
| 24:50 | Crear | Villager (Male) |
| 24:50 | Crear | Villager (Male) |
| 24:51 | Crear | Villager (Male) |
| 24:51 | Crear | Villager (Male) |
| 24:51 | Crear | Villager (Male) |
| 24:51 | Crear | Villager (Male) |
| 24:52 | Crear | Villager (Male) |
| 24:52 | Crear | Villager (Male) |
| 24:57 | Investigar | Heavy Plow |
| 25:58 | Investigar | Chain Barding Armor |
| 26:10 | Construir | Farm |
| 26:37 | Construir | Farm |
| 26:45 | Crear | Villager (Male) |
| 26:45 | Crear | Villager (Male) |
| 26:45 | Crear | Villager (Male) |
| 26:48 | Crear | Villager (Male) |
| 26:48 | Crear | Villager (Male) |
| 26:48 | Crear | Villager (Male) |
| 27:14 | Construir | Stable |
| 27:16 | Construir | Stable |
| 27:19 | Crear | Coustillier |
| 27:20 | Crear | Coustillier |
| 27:20 | Crear | Coustillier |
| 27:21 | Crear | Coustillier |
| 27:28 | Construir | Farm |
| 27:41 | Crear | Fishing Ship |
| 27:41 | Crear | Fishing Ship |
| 27:42 | Crear | Fishing Ship |
| 28:07 | Construir | Mining Camp |
| 28:21 | Construir | Farm |
| 28:31 | Construir | Fish Trap |
| 28:35 | Construir | Fish Trap |
| 28:38 | Construir | Fish Trap |
| 28:41 | Construir | Farm |
| 28:46 | Crear | Villager (Male) |
| 28:46 | Crear | Villager (Male) |
| 28:46 | Crear | Villager (Male) |
| 28:47 | Crear | Villager (Male) |
| 28:47 | Crear | Villager (Male) |
| 28:47 | Crear | Villager (Male) |
| 28:48 | Crear | Villager (Male) |
| 28:48 | Crear | Villager (Male) |
| 28:48 | Crear | Villager (Male) |
| 29:08 | Investigar | Squires |
Cronología de la partida
| 0:53 | mjs187684 · wall_segment Palisade Wall x2 |
| 0:55 | mjs187684 · wall_segment Palisade Wall x11 |
| 1:02 | DUSEINTH · wall_segment Palisade Wall x14 |
| 1:16 | sachserluis · wall_segment Palisade Wall x9 |
| 1:28 | mjs187684 · wall_segment Palisade Wall x6 |
| 1:34 | mjs187684 · wall_segment Palisade Wall x4 |
| 1:55 | mjs187684 · wall_segment Palisade Wall x1 |
| 1:57 | mjs187684 · wall_segment Palisade Wall x1 |
| 2:25 | DUSEINTH · wall_segment Palisade Wall x3 |
| 2:44 | DUSEINTH · wall_segment Palisade Wall x5 |
| 2:50 | sachserluis · wall_segment Palisade Wall x9 |
| 2:52 | DUSEINTH · wall_segment Palisade Wall x4 |
| 3:28 | DUSEINTH · wall_segment Palisade Wall x3 |
| 3:49 | sachserluis · wall_segment Palisade Wall x14 |
| 4:22 | Avenge Varus · wall_segment Palisade Wall x6 |
| 6:24 | mjs187684 · first_building Dock |
| 6:33 | sachserluis · wall_segment Palisade Wall x1 |
| 6:46 | sachserluis · wall_segment Palisade Wall x1 |
| 6:54 | Force_of1 · first_building Dock |
| 8:01 | sachserluis · wall_segment Palisade Wall x5 |
| 8:02 | sachserluis · wall_segment Palisade Wall x1 |
| 8:10 | sachserluis · wall_segment Palisade Wall x1 |
| 10:03 | Mirkosky · first_building Dock |
| 11:02 | El Colo · age_up feudal |
| 11:10 | Whenix · age_up feudal |
| 11:47 | Force_of1 · age_up feudal |
| 12:02 | Avenge Varus · wall_segment Palisade Wall x7 |
| 12:08 | Avenge Varus · age_up feudal |
| 12:21 | sachserluis · age_up feudal |
| 12:26 | sachserluis · wall_segment Stone Wall x10 |
| 12:32 | El Colo · wall_segment Palisade Wall x6 |
| 12:49 | sachserluis · wall_segment Stone Wall x9 |
| 12:52 | sachserluis · wall_segment Stone Wall x4 |
| 12:52 | DUSEINTH · age_up feudal |
| 12:52 | mjs187684 · wall_segment Palisade Wall x1 |
| 13:27 | Avenge Varus · wall_segment Stone Wall x12 |
| 13:27 | mjs187684 · age_up feudal |
| 13:41 | El Colo · first_building Barracks |
| 13:42 | DUSEINTH · wall_segment Stone Wall x18 |
| 14:11 | sachserluis · first_building Dock |
| 14:30 | Mirkosky · first_building Barracks |
| 14:50 | El Colo · age_up castle |
| 14:53 | sachserluis · wall_segment Stone Wall x10 |
| 15:16 | Mirkosky · age_up feudal |
| 15:20 | El Colo · first_building Siege Workshop |
| 15:25 | Mirkosky · wall_segment Stone Wall x4 |
| 15:30 | Mirkosky · wall_segment Stone Wall x14 |
| 15:39 | Whenix · age_up castle |
| 15:48 | Avenge Varus · wall_segment Stone Wall x11 |
| 15:53 | Force_of1 · age_up castle |
| 16:00 | mjs187684 · wall_segment Palisade Wall x1 |
| 16:05 | mjs187684 · wall_segment Palisade Wall x1 |
| 16:38 | sachserluis · first_building Barracks |
| 17:20 | DUSEINTH · first_market_sell 100 food |
| 17:21 | DUSEINTH · first_market_buy 100 stone |
| 17:23 | DUSEINTH · age_up castle |
| 17:41 | mjs187684 · age_up castle |
| 17:48 | sachserluis · wall_segment Stone Wall x4 |
| 17:55 | sachserluis · wall_segment Stone Wall x7 |
| 18:02 | El Colo · first_building Archery Range |
| 18:07 | Avenge Varus · wall_segment Stone Wall x14 |
| 18:25 | sachserluis · wall_segment Stone Wall x4 |
| 18:37 | sachserluis · wall_segment Stone Wall x2 |
| 18:50 | sachserluis · wall_segment Stone Wall x2 |
| 20:13 | mjs187684 · first_building Monastery |
| 20:15 | sachserluis · wall_segment Stone Wall x7 |
| 20:53 | Avenge Varus · first_building Barracks |
| 20:56 | sachserluis · wall_segment Stone Wall x2 |
| 21:04 | DUSEINTH · first_building Siege Workshop |
| 21:08 | Avenge Varus · wall_segment Stone Wall x3 |
| 21:39 | Avenge Varus · age_up castle |
| 21:57 | Whenix · first_market_buy 100 stone |
| 22:07 | Whenix · first_building Castle |
| 22:15 | Force_of1 · first_building Barracks |
| 22:17 | Whenix · wall_segment Stone Wall x1 |
| 22:19 | Whenix · wall_segment Stone Wall x1 |
| 22:20 | Whenix · wall_segment Stone Wall x1 |
| 22:28 | Whenix · wall_segment Stone Wall x1 |
| 22:36 | DUSEINTH · first_building Stable |
| 22:46 | Whenix · wall_segment Palisade Wall x1 |
| 22:56 | Force_of1 · first_building Stable |
| 23:08 | Whenix · wall_segment Stone Wall x12 |
| 23:49 | Mirkosky · age_up castle |
| 24:15 | Mirkosky · first_building Castle |
| 24:26 | Avenge Varus · first_building Monastery |
| 24:43 | Mirkosky · first_market_buy 100 stone |
| 24:55 | Whenix · first_building Monastery |
| 25:09 | sachserluis · first_building Archery Range |
| 25:41 | sachserluis · age_up castle |
| 26:03 | sachserluis · first_building Castle |
| 26:42 | mjs187684 · first_building Siege Workshop |
| 26:43 | sachserluis · first_building Monastery |
| 27:14 | Mirkosky · first_building Stable |
| 27:16 | mjs187684 · first_market_buy 100 stone |
| 27:21 | El Colo · first_building Monastery |
| 27:21 | mjs187684 · wall_segment Stone Wall x3 |
| 27:22 | Avenge Varus · first_building Castle |
| 27:39 | El Colo · first_building Castle |
| 27:52 | mjs187684 · first_building Barracks |
| 28:06 | Avenge Varus · first_building Stable |
| 29:12 | El Colo · wall_segment Stone Wall x1 |
| 29:45 | DUSEINTH · first_building Castle |
| 29:58 | Force_of1 · first_building Castle |
| 30:28 | mjs187684 · wall_segment Stone Wall x5 |
| 30:57 | El Colo · first_market_buy 100 wood |
| 30:58 | mjs187684 · first_building Stable |
| 31:34 | El Colo · age_up imperial |
| 31:42 | DUSEINTH · age_up imperial |
| 32:11 | Force_of1 · first_building Monastery |
| 32:12 | Avenge Varus · first_building Siege Workshop |
| 32:35 | Avenge Varus · age_up imperial |
| 32:38 | Force_of1 · first_building Siege Workshop |
| 32:42 | sachserluis · wall_segment Stone Wall x12 |
| 32:57 | El Colo · first_market_sell 100 food |
| 33:42 | Mirkosky · first_building Siege Workshop |
| 33:54 | mjs187684 · age_up imperial |
| 34:49 | Whenix · first_building Barracks |
| 35:51 | Force_of1 · age_up imperial |
| 36:09 | El Colo · first_building Stable |
| 36:34 | Whenix · first_building Stable |
| 36:42 | Avenge Varus · wall_segment Stone Wall x5 |
| 36:45 | Whenix · age_up imperial |
| 36:50 | Avenge Varus · wall_segment Stone Wall x3 |
| 36:53 | mjs187684 · tribute_sent a jugador 1 |
| 36:53 | mjs187684 · tribute_sent a jugador 2 |
| 36:53 | mjs187684 · tribute_sent a jugador 3 |
| 36:53 | mjs187684 · tribute_sent a jugador 5 |
| 36:53 | mjs187684 · tribute_sent a jugador 6 |
| 36:53 | mjs187684 · tribute_sent a jugador 7 |
| 36:53 | mjs187684 · tribute_sent a jugador 8 |
| 36:56 | Avenge Varus · wall_segment Stone Wall x2 |
| 36:58 | DUSEINTH · first_building Barracks |
| 37:14 | Avenge Varus · wall_segment Palisade Wall x1 |
| 37:40 | mjs187684 · first_market_sell 500 food |
| 38:18 | mjs187684 · first_building Castle |
| 38:26 | Force_of1 · first_market_sell 500 wood |
| 39:15 | Whenix · first_building Siege Workshop |
| 40:34 | sachserluis · age_up imperial |
| 42:11 | Avenge Varus · first_building Dock |
| 42:44 | Mirkosky · age_up imperial |
| 42:47 | Mirkosky · first_building Monastery |
| 42:54 | Whenix · wall_segment Stone Wall x12 |
| 46:05 | sachserluis · first_building Stable |
| 46:27 | mjs187684 · first_building Archery Range |
| 47:26 | Whenix · resign |
[ ANÁLISIS IA · 1 CRÉDITO ]
¿Qué pasó realmente en esta partida?
Wolo.gg analiza cada decisión: build order, eco, micro, errores típicos por bracket. Análisis personalizado por WhatsApp o Discord en 30 segundos.
Guía civ
Vietnamitas
Guía mapa
Black Forest
Perfil
Jugador #975247